 Dungeon Crawl Stone Soup version 0.28-a0-1429-gf3d713df7a (webtiles) character file.

Game seed: 1441381093151917674

9594 flotson the Skirmisher (level 11, -3/84 HPs)
             Began as a Demonspawn Gladiator on Jan 8, 2022.
             Was an Initiate of Gozag.
             Killed from afar by a rime drake (29 damage)
             ... with a flash freeze
             ... on level 1 of the Lair of Beasts.
             The game lasted 00:29:45 (16080 turns).

flotson the Skirmisher (Demonspawn Gladiator)      Turns: 16080, Time: 00:29:47

Health: -3/84      AC: 12    Str: 18    XL:     11   Next: 25%
Magic:  11/11      EV: 13    Int: 10    God:    Gozag
Gold:   1051       SH: 13    Dex: 13    Spells: 10/10 levels left

rFire   + . .      SeeInvis +   a - +0 broad axe
rCold   . . .      Faith    .   q - +0 tower shield
rNeg    . . .      Spirit   .   s - +3 ring mail {rF+}
rPois   .          Reflect  .   (helmet restricted)
rElec   .          Harm     .   j - +0 cloak
rCorr   .          Rampage  .   n - +1 pair of gloves {infuse}
Will    .....                   (no boots)
Stlth   ++........              (no amulet)
HPRegen 0.24/turn               (no ring)
MPRegen 0.12/turn               (no ring)

@: gold aura, studying Stealth
A: antennae 2, repulsion field 2, powered by pain 1, see invisible, clumsy 1
a: Renounce Religion, Potion Petition, Call Merchant, Bribe Branch


You were on level 1 of the Lair of Beasts.
You worshipped Gozag.
Gozag was most pleased with you.
You visited 3 branches of the dungeon, and saw 12 of its levels.
You also visited: Bailey.

You collected 1234 gold pieces.
You spent 106 gold pieces at shops.
You paid 77 gold pieces to Gozag.

Inventory:

Hand Weapons
 a - a +0 broad axe (weapon)
Missiles
 d - 2 throwing nets (quivered)
 l - 12 poisoned darts
 G - 4 javelins
 H - 9 boomerangs
Armour
 j - a +0 cloak (worn)
 n - a +1 pair of gloves of infusion (worn)
 q - a +0 tower shield (worn)
 s - a +3 ring mail of fire resistance (worn)
Jewellery
 c - a ring of fire
Wands
 p - a wand of polymorph (7)
 w - a wand of charming (6)
 B - a wand of paralysis (9)
 C - a wand of iceblast (3)
 J - a wand of flame (6)
Scrolls
 e - 3 scrolls of amnesia {unknown}
 g - 2 scrolls of blinking {unknown}
 h - 2 scrolls of identify
 m - 3 scrolls of enchant weapon {unknown}
 r - a scroll of holy word {unknown}
 u - 5 scrolls of enchant armour {unknown}
 y - a scroll of vulnerability {unknown}
 E - 3 scrolls of teleportation {unknown}
 F - a scroll of silence {unknown}
 L - a scroll of noise {unknown}
 M - a scroll of fog {unknown}
Potions
 b - a potion of might
 f - 3 potions of lignification
 i - 3 potions of mutation
 k - a potion of resistance
 o - 2 potions of flight
 t - a potion of magic {unknown}
 v - a potion of haste
 x - 2 potions of cancellation
 z - 2 potions of heal wounds
 A - 2 potions of attraction
 D - 2 potions of ambrosia
 I - a potion of curing
Miscellaneous
 K - a piece from Xom's chessboard (15/15)


   Skills:
 + Level 7.2 Fighting
 + Level 6.9 Axes
 + Level 6.6 Throwing
 + Level 6.2 Armour
 + Level 6.9 Dodging
 + Level 6.0 Stealth
 + Level 5.3 Shields
 + Level 4.2 Evocations


You had 10 spell levels left.
You didn't know any spells.
Your spell library contained the following spells:

 Spells                   Type           Power      Damage    Failure   Level
 Animate Skeleton         Necr           0%         N/A       100%        1
 Pain                     Necr           0%         1d4       100%        1
 Sublimation of Blood     Necr           0%         N/A       100%        2
 Stone Arrow              Conj/Erth      0%         3d7       100%        3
 Vampiric Draining        Necr           0%         2d6       100%        3
 Animate Armour           Summ/Erth      0%         N/A       100%        4
 Petrify                  Tmut/Erth      0%         N/A       100%        4
 Irradiate                Conj/Tmut      0%         3d13      100%        5
 Lehudib's Crystal Spear  Conj/Erth      0%         10d2      100%        8


Dungeon Overview and Level Annotations

Branches:
Dungeon (10/15)            Temple (1/1) D:7            Lair (1/6) D:9
 Bailey (visited)
    Orc: D:9-12

Altars:
Ashenzari
Cheibriados
Dithmenos
Fedhas
Gozag
Hepliaklqana
Kikubaaqudgha
Makhleb
Qazlal
Ru
Sif Muna
Trog
Uskayaw
Vehumet
Wu Jian
Xom
Yredelemnul
The Shining One

Shops:
D:5 *

Portals:
Ice
Cave: Lair:1


Innate Abilities, Weirdness & Mutations

You have a pair of antennae on your head.
You are surrounded by a moderate repulsion field. (EV +3)
You sometimes gain a little power by taking damage.
You have supernaturally acute eyesight. (SInv)
You are clumsy. (Dex -2)


Message History

Your cane toad stings the rime drake.
The rime drake bites your cane toad but does no damage.
Your cane toad stings the rime drake!
The rime drake dies!
You swap places.
You now have 1051 gold pieces (gained 15).
You hear the quick crackling of a melting archway.
Found a frozen archway.
The cane toad is no longer charmed.
What are your orders? t - Shout!
Orders for allies: a - Attack new target. r - Retreat! s - Stop attacking. g - Guard the area. f - Follow me.
Anything else - Cancel.
Gang up on whom?
Press: ? - help, Dir - move target, f - cane toad
Aim: a cane toad (lightly wounded) Attack!
The cane toad misses you. The cane toad stings you. x2
The rime drake hisses angrily.
Aiming: Charm
Press: ? - help, Shift-Dir - straight line, f/p - cane toad
Aim: a cane toad (lightly wounded, chance to affect: 59%)
The cane toad resists with significant effort.
The rime drake bites you but does no damage.
The cane toad stings you!
Aiming: Charm
Press: ? - help, Shift-Dir - straight line, f/p - cane toad
Aim: a cane toad (lightly wounded, chance to affect: 59%)
The cane toad resists with significant effort.
You block the rime drake's attack. The cane toad barely misses you.
Aiming: Charm
Press: ? - help, Shift-Dir - straight line, f/p - cane toad
Aim: a cane toad (lightly wounded, chance to affect: 59%)
The cane toad is charmed.
The rime drake breathes ice at you. The flash freeze hits you!!
You die...
Your body crumbles into a pile of gold.

....#
##.......#
....#
##..........#
....P#
###..####......
....## #P..###
####.. ....#
##....P# #
...##
##......## ....
#.≈≈≈≈≈..## ##
#..≈#####F.##
###.
....≈#∩...k@≈#
###..#####
#....≈#.....≈##
#......#.##
.....≈#...≈#.#
##........##
..... #..≈#≈##
###..........#
....# .
#.............
....≈ #.
##............
..... ..
#.............
....... .#
##............
.......
##...........


You could see a rime drake (catching breath) and a friendly cane toad (charmed).

Vanquished Creatures
  2 vault guards (Bailey)
  A two-headed ogre (D:10)
  An unseen horror (D:7)
  2 komodo dragons
  A troll (D:7)
  Sigmund (D:3)
  A wyvern (D:8)
  2 shadows
  7 yaks
  3 steam dragons
  4 humans (Bailey)
  Menkaure (D:6)
  2 water moccasins
  An ice beast (D:6)
  A black bear (D:6)
  3 orc warriors
  A sky beast (D:5)
  An ogre (D:5)
  3 centaurs
  A phantom (D:5)
  A kobold brigand (D:9)
  14 bullfrogs
  7 scorpions (D:6)
  4 wights
  3 hounds
  2 centaur zombies
  A gnoll shaman (D:2)
  2 jellies
  A centaur skeleton (D:7)
  2 orc priests
  An iguana (D:5)
  Natasha (thrice) (D:3)
  8 orc wizards
  A hound zombie (D:5)
  2 hound skeletons (D:5)
  A howler monkey skeleton (D:4)
  5 gnolls
  5 adders
  An adder skeleton (D:4)
  A worm (D:2)
  2 dart slugs
  35 orcs
  9 ball pythons
  3 bats
  4 endoplasms
  9 giant cockroaches
  14 goblins
  5 hobgoblins
  4 jackals (D:1)
  21 kobolds
  4 quokkas
  6 frilled lizards (D:1)
  8 rats
  A bush (D:1)
229 creatures vanquished.

Vanquished Creatures (collateral kills)
  2 rime drakes (Lair:1)
2 creatures vanquished.

Vanquished Creatures (others)
  A cane toad (Lair:1)
  Prince Ribbit (Bailey)
  A yak (Lair:1)
  49 plants
52 creatures vanquished.

Grand Total: 283 creatures vanquished

Notes
Turn   | Place    | Note
-------+----------+-------------------------------------------
     0 | D:1      | flotson the Demonspawn Gladiator began the quest for the
                  | Orb.
     0 | D:1      | Reached XP level 1. HP: 16/16 MP: 1/1
   104 | D:1      | Found a faded altar of an unknown god.
   156 | D:1      | Gained mutation: You are surrounded by a mild repulsion
                  | field. (EV +2) [demonic ancestry]
   156 | D:1      | Reached XP level 2. HP: 19/22 MP: 2/2
  1036 | D:1      | Gained mutation: You sometimes gain a little power by
                  | taking damage. [demonic ancestry]
  1036 | D:1      | Reached XP level 3. HP: 23/28 MP: 3/3
  1405 | D:2      | Reached skill level 1 in Armour
  2861 | D:3      | Found a radiant altar of Vehumet.
  2928 | D:3      | Noticed Natasha
  2933 | D:3      | Killed Natasha
  2934 | D:3      | Gained mutation: You have a pair of small antennae on your
                  | head. [demonic ancestry]
  2934 | D:3      | Reached XP level 4. HP: 34/34 MP: 4/4
  3003 | D:3      | Noticed Natasha
  3010 | D:3      | Killed Natasha
  3122 | D:3      | Found a shimmering altar of Xom.
  3123 | D:3      | Noticed Natasha
  3152 | D:3      | Killed Natasha
  3153 | D:3      | Reached skill level 3 in Fighting
  3153 | D:3      | Gained mutation: You have a pair of antennae on your head.
                  | [demonic ancestry]
  3153 | D:3      | Reached XP level 5. HP: 28/41 MP: 0/5
  3368 | D:3      | Noticed Sigmund
  3384 | D:3      | Killed Sigmund
  3385 | D:3      | Gained mutation: You are surrounded by a moderate repulsion
                  | field. (EV +3) [demonic ancestry]
  3385 | D:3      | Reached XP level 6. HP: 43/47 MP: 4/6
  4849 | D:4      | Found an ornate altar of the Wu Jian Council.
  5331 | D:5      | Entered Level 5 of the Dungeon
  5429 | D:5      | Found a hide-covered altar of Uskayaw.
  5461 | D:5      | Reached XP level 7. HP: 50/53 MP: 3/7
  5637 | D:5      | Found Iqod's Assorted Antiques.
  5644 | D:5      | Bought a scroll labelled JURIGA SOETI for 19 gold pieces
  5644 | D:5      | Bought a bubbling pink potion for 17 gold pieces
  5644 | D:5      | Bought a murky pink potion for 17 gold pieces
  5644 | D:5      | Bought a ruby potion for 17 gold pieces
  5644 | D:5      | Bought a scroll labelled ZUTEIT GACRIBEW for 19 gold pieces
  5644 | D:5      | Bought a bubbling dark potion for 17 gold pieces
  5733 | D:4      | Reached skill level 4 in Fighting
  5733 | D:4      | Reached skill level 1 in Shields
  6544 | D:5      | Reached XP level 8. HP: 21/61 MP: 8/8
  7039 | D:6      | Found a shadowy altar of Dithmenos.
  7053 | D:6      | Noticed Menkaure
  7654 | D:6      | Reached skill level 5 in Fighting
  7654 | D:6      | Reached skill level 5 in Axes
  7654 | D:6      | Reached skill level 5 in Dodging
  7948 | D:6      | Found a runed translucent door.
  7950 | D:6      | Found a runed translucent door.
  8920 | D:7      | Found a staircase to the Ecumenical Temple.
  8928 | Temple   | Entered the Ecumenical Temple
  8937 | Temple   | Became a worshipper of Gozag Ym Sagoz the Greedy
  9004 | D:7      | Reached XP level 9. HP: 58/68 MP: 5/9
  9089 | D:7      | Noticed a troll
  9121 | D:6      | Killed Menkaure
  9122 | D:6      | Reached skill level 5 in Throwing
  9575 | D:7      | Killed an unseen horror
  9784 | D:7      | Found a sacrificial altar of Ru.
 10159 | D:8      | Reached skill level 1 in Stealth
 10249 | D:8      | Gained mutation: You have supernaturally acute eyesight.
                  | (SInv) [potion of mutation]
 10249 | D:8      | Gained mutation: You are clumsy. (Dex -2) [potion of
                  | mutation]
 10368 | D:7      | Killed a troll
 10369 | D:7      | Reached skill level 1 in Evocations
 10672 | D:8      | Found a burning altar of Makhleb.
 10713 | D:8      | Reached skill level 6 in Fighting
 10909 | D:8      | Reached skill level 5 in Armour
 11278 | D:9      | Found a staircase to the Lair.
 11279 | D:9      | Noticed a komodo dragon
 11963 | D:9      | Reached XP level 10. HP: 68/76 MP: 7/10
 13488 | D:10     | Entered Level 10 of the Dungeon
 13668 | D:10     | Found a flagged portal.
 13694 | Bailey   | Entered a bailey
 14087 | Bailey   | Noticed a vault guard
 14087 | Bailey   | Noticed Prince Ribbit
 14111 | Bailey   | Your ally Prince Ribbit died
 14116 | Bailey   | Killed a vault guard
 14117 | Bailey   | Reached skill level 5 in Stealth
 14338 | Bailey   | Noticed a vault guard
 14558 | Bailey   | Killed a vault guard
 14559 | Bailey   | Reached skill level 7 in Fighting
 14559 | Bailey   | Reached skill level 5 in Shields
 15093 | D:10     | Noticed a two-headed ogre
 15103 | D:10     | Killed a two-headed ogre
 15104 | D:10     | Reached XP level 11. HP: 32/84 MP: 6/11
 15595 | Lair:1   | Entered Level 1 of the Lair of Beasts
 16074 | Lair:1   | Found a frozen archway.
 16080 | Lair:1   | Killed from afar by a rime drake

Illustrated notes

Levels and vault maps discovered:
D:1:      ebering_hopf_link, layout_basic, chequers_ecumenical_altar_island,
          lexackson_kobold_supper
D:2:      layout_basic, minmay_fractal_squares_gapless_5
D:3:      layout_loops_ring, xom_teletrap_fun,
          mainiacjoe_overflow_surrounded_room, nicolae_grassy_gnolls,
          uniq_natasha, uniq_sigmund
D:4:      layout_gridville, pdpol_wu_jian_five_deadly_venoms
D:5:      layout_rooms, eat_drink_and_be_merry_uskayaw, serial_shops,
          nicolae_shop_competitors_out_of_business, kennysheep_big_empty_room,
          minmay_manual_monolith
D:6:      lemuel_insect_pit, layout_basic, grunt_dithmenos_smoke_and_mirrors,
          uniq_menkaure
D:7:      layout_basic, hangedman_ru_absence, tso_altar,
          minmay_temple_entry_glassed_door
D:8:      layout_rooms, old_standard_altar, chequers_serial_rivers_room_a
D:9:      layout_layer_cave, david_lair_shrubbed, kennysheep_small_circle
D:10:     layout_long_grid, enter_bailey_4, kennysheep_generic_room_3
Temple:   eino_temple_lava
Lair:1:   layout_cave_pods, portal_ice_cave_rime, lemuel_fruit_tree

Skill      XL: |  1  2  3  4  5  6  7  8  9 10 11 |
---------------+----------------------------------+-----
Throwing       | 2 3 4 5 6 |  6.6
Dodging        | 3 4 5 6 |  6.9
Axes           | 3 4 5 6 |  6.9
Armour         | 1 2 3 4 5 6 |  6.2
Fighting       | 3 4 5 6 7 |  7.2
Shields        | 1 3 4 5 |  5.3
Stealth        | 3 5 6 |  6.0
Evocations     | 2 3 4 |  4.2

Action                   |  1- 3 |  4- 6 |  7- 9 | 10-12 || total
-------------------------+-------+-------+-------+-------++-------
Melee: War axe           |   103 |       |   186 |   165 ||   454
       Punch             |     4 |       |       |       ||     4
       Dagger            |   104 |    18 |   204 |       ||   326
       Glaive            |     5 |   109 |       |       ||   114
       Broad axe         |       |       |       |   102 ||   102
Throw: Dart              |       |     6 |    12 |    13 ||    31
       Throwing net      |       |       |     3 |     5 ||     8
       Boomerang         |       |       |       |    23 ||    23
       Javelin           |       |       |       |     2 ||     2
Evoke: Wand              |       |       |       |    16 ||    16
  Use: Potion            |       |       |     2 |     8 ||    10
       Scroll            |       |       |       |     9 ||     9
 Stab: Sleeping          |     1 |       |       |       ||     1
       Paralysed         |       |       |       |     5 ||     5
       Distracted        |       |       |       |     1 ||     1
       Held in net/web   |       |       |       |     1 ||     1
Armor: Leather armour    |    42 |       |       |       ||    42
       Scale mail        |     3 |       |       |       ||     3
       Skin              |     2 |       |       |       ||     2
       Ring mail         |       |    47 |   161 |    99 ||   307
Dodge: Dodged            |   114 |   107 |   263 |   145 ||   629
Block: Tower shield      |       |    11 |   330 |   244 ||   585

Table legend: (Time is in decaauts)
 A = Elapsed time spent in this place.
 B = Non-inter-level travel time spent in this place.
 C = Inter-level travel time spent in this place.
 D = Time resting spent in this place.
 E = Time spent auto-exploring this place.
 F = Levels seen in this place.
 G = Mean time per level.
                   A        B        C        D        E       F      G
               +--------+--------+--------+--------+--------+-----+--------+
         Total |  16613 |  16153 |    460 |   1317 |  11161 |  13 | 1277.9 |
       Dungeon |  14775 |  14324 |    451 |    906 |  10593 |  10 | 1477.5 |
        Temple |     18 |      9 |      9 |      0 |      0 |   1 |   18.0 |
          Lair |    514 |    514 |      0 |      0 |      0 |   1 |  514.0 |
        Bailey |   1305 |   1305 |      0 |    411 |    567 |   1 | 1305.0 |
               +--------+--------+--------+--------+--------+-----+--------+

Top non-repeatable levels by time:
     D:6: 2012 daAuts
     D:9: 1800 daAuts
     D:5: 1684 daAuts
     D:2: 1675 daAuts
     D:3: 1578 daAuts
     D:1: 1429 daAuts
     D:8: 1350 daAuts
     D:7: 1316 daAuts
  Bailey: 1305 daAuts
     D:4: 1078 daAuts
    D:10: 850 daAuts
  Lair:1: 514 daAuts
  Temple: 18 daAuts
